 Dungeon Crawl Stone Soup version 0.30.0-15-g856e2d3f33 (webtiles) character file.

Game seed: 4806551554824762319

8369 zazu2006 the Prestidigitator (level 11, -2/72 (86) HPs)
             Began as a Gnoll Wanderer on May 20, 2023.
             Was an Initiate of Vehumet.
             Slain by a spectral orc warrior
             ... wielding a +0 flail
             ... summoned by Nergalle
              (12 damage)
             ... on level 1 of the Lair of Beasts.
             The game lasted 00:32:30 (13409 turns).

zazu2006 the Prestidigitator (Gnoll Wanderer)      Turns: 13409, Time: 00:32:30

HP:   -2/72 (86)    AC: 12    Str: 11    XL:     11   Next: 29%
MP:   21/21         EV: 18    Int: 14    God:    Vehumet [......]
Gold: 37            SH:  5    Dex: 14    Spells: 16/24 levels left

rFire   . . .        F - +4 hand axe of the Loving Saviour {pain, rN+}
rCold   . . .        (no shield)
rNeg    + . .        M - +0 steam dragon scales
rPois   .            A - +0 helmet
rElec   .            J - +0 cloak
rCorr   +            l - +0 pair of gloves
SInv    .            V - +2 pair of slick slippers {slick, slippery, EV+4}
Will    +....        K - amulet of reflection
Stlth   +++          f - ring of resist corrosion
HPRegen 0.32/turn    E - ring of willpower
MPRegen 0.17/turn

%: reflection
@: attractive, heavily drained
A: fangs 1, strong nose, distributed training
a: Renounce Religion


You were on level 1 of the Lair of Beasts.
You worshipped Vehumet.
Vehumet was noncommittal.
You visited 3 branches of the dungeon, and saw 11 of its levels.

You collected 726 gold pieces.
You spent 689 gold pieces at shops.

Inventory:

Hand Weapons
 a - a +2 dagger of electrocution
 e - a +1 dagger of flaming
 F - the +4 hand axe of the Loving Saviour (weapon) {pain, rN+}
   (You found it on level 4 of the Dungeon)

   rN:        It protects you from negative energy.
Missiles
 b - 64 stones (quivered)
 w - 2 datura-tipped darts
 O - 7 atropa-tipped darts
 S - 12 poisoned darts
 T - a curare-tipped dart
Armour
 g - a +0 kite shield
 l - a +0 pair of gloves (worn)
 y - a +2 robe
 A - a +0 helmet (worn)
 J - a +0 cloak (worn)
 M - +0 steam dragon scales (worn)
 V - the +2 pair of slick slippers (worn) {slick, slippery, EV+4}
   (You bought it in a shop on level 2 of the Dungeon)

   Slick:     Its wearer cannot be constricted, engulfed, netted or webbed.
   Slippery:  Its wearer slips away from damaging melee attacks, pulling the
   attacker onward.
   EV:        It affects your evasion (+4).
Jewellery
 f - a ring of resist corrosion (left hand)
 h - an amulet of the acrobat
 k - a ring of ice
 E - a ring of willpower (right hand)
 K - an amulet of reflection (around neck)
Wands
 C - a wand of digging (5)
 I - a wand of polymorph (21)
 R - a wand of flame (18)
 U - a wand of quicksilver (11)
Scrolls
 i - a scroll of immolation {unknown}
 j - a scroll of poison {unknown}
 m - a scroll of torment {unknown}
 p - 8 scrolls of identify
 q - 2 scrolls of enchant weapon {unknown}
 s - 3 scrolls of magic mapping {unknown}
 t - 5 scrolls of teleportation
 B - 2 scrolls of amnesia
 G - a scroll of blinking {unknown}
 H - 2 scrolls of noise {unknown}
 Q - 3 scrolls of vulnerability {unknown}
Potions
 d - 5 potions of haste
 n - 2 potions of brilliance
 o - 2 potions of invisibility {unknown}
 r - a potion of magic {unknown}
 u - a potion of degeneration {unknown}
 v - a potion of mutation {unknown}
 x - 2 potions of heal wounds {unknown}
 z - a potion of lignification {unknown}
 D - 3 potions of attraction
 N - 2 potions of flight {unknown}
Miscellaneous
 c - a piece from Xom's chessboard (14/15)


   Skills:
 + Level 7.9 Fighting
 + Level 6.4 Short Blades
 + Level 6.4 Long Blades
 + Level 6.4 Axes
 + Level 6.4 Maces & Flails
 + Level 6.4 Polearms
 + Level 6.4 Staves
 + Level 6.4 Ranged Weapons
 + Level 9.2 Throwing
 + Level 6.4 Armour
 + Level 6.4 Dodging
 + Level 6.4 Stealth
 + Level 6.4 Shields
 + Level 6.4 Unarmed Combat
 + Level 7.0 Spellcasting
 + Level 5.3 Conjurations
 + Level 5.3 Hexes
 + Level 5.7 Summonings
 + Level 5.3 Necromancy
 + Level 5.3 Translocations
 + Level 5.3 Transmutations
 + Level 5.3 Fire Magic
 + Level 5.3 Ice Magic
 + Level 5.3 Air Magic
 + Level 5.3 Earth Magic
 + Level 5.3 Poison Magic
 + Level 7.0 Invocations
 + Level 9.2 Evocations


You had 16 spell levels left.
You knew the following spells:

 Your Spells              Type           Power      Damage    Failure   Level
a - Summon Small Mammal   Summ           84%        N/A       1%          1
b - Stone Arrow           Conj/Erth      38%        3d9       4%          3
c - Olgreb's Toxic Radia  Pois           19%        N/A       16%         4

Your spell library contained the following spells:

 Spells                   Type           Power      Damage    Failure   Level
 Foxfire                  Conj/Fire      76%        2x1d7     1%          1
 Sandblast                Erth           38%        2d10      1%          1
 Sting                    Tmut/Pois      76%        1d6       1%          1
 Poisonous Vapours        Pois/Air       38%        N/A       2%          2
 Scorch                   Fire           38%        2d7       2%          2
 Gell's Gravitas          Tloc           19%        N/A       4%          3
 Ozocubu's Armour         Ice            19%        N/A       4%          3
 Portal Projectile        Hex/Tloc       38%        N/A       4%          3
 Summon Guardian Golem    Hex/Summ       20%        N/A       4%          3
 Tukima's Dance           Hex            19%        N/A       4%          3
 Flame Wave               Conj/Fire      19%        2d7       16%         4
 Leda's Liquefaction      Hex/Erth       9%         N/A       16%         4
 Passage of Golubria      Tloc           19%        N/A       16%         4
 Blade Hands              Tmut           9%         N/A       41%         5
 Summon Cactus Giant      Summ           10%        N/A       90%         6
 Dragon Form              Tmut           9%         N/A       100%        7


Dungeon Overview and Level Annotations

Branches:
Dungeon (9/15)             Temple (1/1) D:7            Lair (1/5) D:9
    Orc: D:9-12

Altars:
Ashenzari
Cheibriados
Dithmenos
Elyvilon
Fedhas
Gozag
Hepliaklqana
Kikubaaqudgha
Makhleb
Nemelex Xobeh
Okawaru
Qazlal
Ru
Sif Muna
Trog
Uskayaw
Vehumet
Wu Jian
Xom
Yredelemnul
Zin
The Shining One

Shops:
D:2 [[[:*   D:5 *

Annotations:
D:8 3 runed translucent doors, hamfred's ghost, novice HuFE
Lair:1 Nergalle


Innate Abilities, Weirdness & Mutations

You have very sharp teeth.
Your uncanny sense of smell can sniff out nearby items.
Your experience applies equally to all skills.


Message History

Unknown command.
Okay, then.
Okay, then.
Casting: Stone Arrow (dangerous; 4% risk of failure)
Confirm with . or Enter, or press ? or * to list all spells.
Okay, then.
You make a move on Xom's chessboard...
The spectral orc warrior is unaffected.
Nergalle hits you with a +0 dagger.
* * * LOW HITPOINT WARNING * * *
The spectral orc closely misses you.
The spectral orc warrior barely misses you.
You block the spectral orc warlord's attack.
Unknown command.
Unknown command.
You feel better. Nergalle hits you but does no damage.
You block the spectral orc's attack.
The spectral orc warrior hits you but does no damage.
You block the spectral orc warlord's attack.
As you read the scroll labelled LURPHA YDGHIRCH, it crumbles to dust.
It is a scroll of amnesia.
Really abort (and waste the scroll)? [Y]es or [N]o only, please.
Really abort (and waste the scroll)? [Y]es or [N]o only, please.
Really abort (and waste the scroll)? [Y]es or [N]o only, please.
Really abort (and waste the scroll)?
Okay, then.
Nergalle hits you with a +0 dagger.
* * * LOW HITPOINT WARNING * * *
The spectral orc warlord hits you with a +1 great sword!!
* * * LOW HITPOINT WARNING * * *
You partially resist.
You feel drained.
* * * LOW HITPOINT WARNING * * *
The spectral orc misses you.
The spectral orc warrior barely misses you.
Unknown command.
You feel better. You block Nergalle's attack.
The spectral orc warrior hits you with a +0 flail!
You die...

#.. .. ...
######...
##Z#.....#
#.@Z..#
##oZ#..#
#.#Z###..#
#....Z...#
####§o§..#
#..#.##
....###
...#..
....##.##
∆


You could see Nergalle, a spectral orc (summoned), a spectral orc warrior
(summoned), a spectral orc knight (summoned, fast) and a spectral orc warlord
(summoned).

Vanquished Creatures
  A two-headed ogre (D:9)
  Maurice (D:9)
  2 polar bears (D:8)
  Sigmund (D:3)
  6 yaks
  Eustachio (D:4)
  4 steam dragons
  Menkaure (D:4)
  4 water moccasins
  Duvessa (D:4)
  An orc warrior (D:7)
  3 ice beasts
  2 black bears
  3 sky beasts
  An ogre (D:6)
  2 wolves (D:8)
  7 centaurs
  A phantom (D:6)
  3 kobold brigands
  6 bullfrogs
  2 gnoll sergeants
  6 scorpions
  Dowan (D:4)
  11 killer bees
  3 electric eels
  3 jellies
  Crazy Yiuf (D:2)
  4 hounds
  A gnoll bouda (D:4)
  3 orc priests
  2 sleepcaps
  3 iguanas (D:5)
  10 orc wizards
  2 centaur simulacra (D:8)
  Robin (D:3)
  9 gnolls
  9 adders
  2 shadow imps (D:5)
  4 white imps
  2 ufetubi
  6 worms
  2 dart slugs (D:2)
  37 orcs
  7 endoplasms
  3 giant cockroaches
  16 goblins
  6 hobgoblins
  7 jackals
  19 kobolds
  A quokka (D:5)
  7 ball pythons
  4 bats
  2 frilled lizards
  2 rats
249 creatures vanquished.

Vanquished Creatures (collateral kills)
  Grinder (D:4)
  An adder (D:2)
  A worm (D:3)
  A dart slug (D:2)
  2 orcs (D:3)
  A ball python (D:2)
  2 bats
  2 endoplasms (D:1)
  6 goblins
  A jackal (D:3)
  A quokka (D:3)
19 creatures vanquished.

Vanquished Creatures (others)
  An orc wizard (D:3)
1 creature vanquished.

Grand Total: 269 creatures vanquished

Notes
Turn   | Place    | Note
-------+----------+-------------------------------------------
     0 | D:1      | zazu2006 the Gnoll Wanderer began the quest for the Orb.
     0 | D:1      | zazu2006 set off with the following items: a +2 dagger, a
                  | curare-tipped dart, a piece from Xom's chessboard (15/15),
                  | a potion of haste, a +0 robe; and the following spell
                  | memorised: Summon Small Mammal; and the following spells
                  | available to memorise: Summon Guardian Golem.
     0 | D:1      | Reached XP level 1. HP: 20/20 MP: 4/4
   120 | D:1      | Reached XP level 2. HP: 26/26 MP: 2/5
   559 | D:1      | Reached XP level 3. HP: 26/31 MP: 4/7
   844 | D:2      | Found Kiutwomu's Antique Armour Shop.
   864 | D:2      | Reached skill level 1 in Invocations
   888 | D:2      | Reached skill level 1 in Short Blades
   888 | D:2      | Reached skill level 1 in Long Blades
   888 | D:2      | Reached skill level 1 in Axes
   888 | D:2      | Reached skill level 1 in Maces & Flails
   888 | D:2      | Reached skill level 1 in Polearms
   888 | D:2      | Reached skill level 1 in Staves
   888 | D:2      | Reached skill level 1 in Ranged Weapons
   888 | D:2      | Reached skill level 1 in Armour
   888 | D:2      | Reached skill level 1 in Dodging
   888 | D:2      | Reached skill level 1 in Stealth
   888 | D:2      | Reached skill level 1 in Shields
   888 | D:2      | Reached skill level 1 in Unarmed Combat
  1105 | D:2      | Reached XP level 4. HP: 35/38 MP: 6/8
  1136 | D:2      | Found Egafotem's Book Boutique.
  1168 | D:2      | Found Cousay's Antique Armour Shoppe.
  1189 | D:2      | Found Keycouq's Antique Armour Shop.
  1220 | D:2      | Found a runed translucent door.
  1221 | D:2      | Noticed Crazy Yiuf
  1298 | D:2      | Found Igead's Assorted Antiques.
  1367 | D:2      | Found a faded altar of an unknown god.
  1670 | D:3      | Reached skill level 1 in Conjurations
  1670 | D:3      | Reached skill level 1 in Hexes
  1670 | D:3      | Reached skill level 1 in Necromancy
  1670 | D:3      | Reached skill level 1 in Translocations
  1670 | D:3      | Reached skill level 1 in Transmutations
  1670 | D:3      | Reached skill level 1 in Fire Magic
  1670 | D:3      | Reached skill level 1 in Ice Magic
  1670 | D:3      | Reached skill level 1 in Air Magic
  1670 | D:3      | Reached skill level 1 in Earth Magic
  1670 | D:3      | Reached skill level 1 in Poison Magic
  1746 | D:3      | Noticed Sigmund
  1771 | D:3      | Killed Sigmund
  1772 | D:3      | Reached XP level 5. HP: 42/43 MP: 6/10
  1772 | D:3      | Reached XP level 6. HP: 49/50 MP: 6/11
  1840 | D:3      | Found a burning altar of Makhleb.
  2028 | D:3      | Reached skill level 5 in Fighting
  2366 | D:3      | Noticed Robin
  2381 | D:3      | Killed Robin
  2576 | D:4      | Found a broken altar of Ashenzari.
  2580 | D:4      | Saw a vision of the Shoals and the Spider Nest.
  2580 | D:4      | Noticed a sun moth
  2580 | D:4      | Noticed a culicivora
  2580 | D:4      | Noticed a water nymph
  2580 | D:4      | Noticed a sea snake
  2580 | D:4      | Noticed a wind drake
  2580 | D:4      | Noticed a water elemental
  2580 | D:4      | Noticed a redback
  2580 | D:4      | Noticed a water elemental
  2580 | D:4      | Noticed a sea snake
  2580 | D:4      | Noticed a redback
  2580 | D:4      | Noticed a merfolk
  2580 | D:4      | Noticed a culicivora
  2580 | D:4      | Noticed a jumping spider
  2580 | D:4      | Noticed a snapping turtle
  2581 | D:4      | Noticed a steelbarb worm
  2581 | D:4      | Noticed a water nymph
  2581 | D:4      | Noticed a merfolk
  2582 | D:4      | Noticed a torpor snail
  2583 | D:4      | Noticed a pharaoh ant
  2586 | D:4      | Noticed a tarantella
  2586 | D:4      | Noticed a tarantella
  2593 | D:4      | Noticed Eustachio
  2921 | D:4      | Killed Eustachio
  2922 | D:4      | Reached XP level 7. HP: 34/56 MP: 10/12
  3142 | D:4      | Noticed Dowan
  3144 | D:4      | Noticed Duvessa
  3162 | D:4      | Killed Dowan
  3180 | D:4      | Found an opulent altar of Gozag.
  3227 | D:4      | Killed Duvessa
  3295 | D:4      | Identified the +4 hand axe of the Loving Saviour {pain,
                  | rN+}
  3478 | D:4      | Noticed Grinder
  3488 | D:4      | Killed Grinder
  3489 | D:4      | Reached XP level 8. HP: 61/63 MP: 11/14
  3552 | D:4      | Noticed a moth of wrath
  3555 | D:4      | Found a bloodstained altar of Trog.
  3935 | D:4      | Found a stormy altar of Qazlal.
  3936 | D:4      | Noticed Menkaure
  3964 | D:4      | Killed Menkaure
  4197 | D:5      | Entered Level 5 of the Dungeon
  5131 | D:5      | Reached XP level 9. HP: 58/69 MP: 16/16
  5419 | D:5      | Reached skill level 5 in Spellcasting
  5929 | D:5      | Found Saygo's General Store.
  6236 | D:5      | Got Sif Muna's Secrets of the Eagle
  6249 | D:5      | Learned a level 3 spell: Stone Arrow
  6401 | D:2      | Killed Crazy Yiuf
  7242 | D:6      | Reached skill level 5 in Invocations
  7382 | D:6      | Noticed a boulder beetle
  7449 | D:6      | Found a glowing golden altar of the Shining One.
  7737 | D:6      | Reached skill level 5 in Short Blades
  7737 | D:6      | Reached skill level 5 in Long Blades
  7737 | D:6      | Reached skill level 5 in Axes
  7737 | D:6      | Reached skill level 5 in Maces & Flails
  7737 | D:6      | Reached skill level 5 in Polearms
  7737 | D:6      | Reached skill level 5 in Staves
  7737 | D:6      | Reached skill level 5 in Ranged Weapons
  7737 | D:6      | Reached skill level 5 in Armour
  7737 | D:6      | Reached skill level 5 in Dodging
  7737 | D:6      | Reached skill level 5 in Stealth
  7737 | D:6      | Reached skill level 5 in Shields
  7737 | D:6      | Reached skill level 5 in Unarmed Combat
  7870 | D:6      | Reached XP level 10. HP: 72/77 MP: 18/18
  9190 | D:7      | Reached skill level 5 in Summonings
  9316 | D:7      | Got the Codex of Direction and Teratogeny
  9621 | D:7      | Found a staircase to the Ecumenical Temple.
  9637 | Temple   | Entered the Ecumenical Temple
 10649 | D:8      | Found a runed translucent gate.
 10649 | D:8      | Found a runed translucent gate.
 10649 | D:8      | Found a runed translucent gate.
 10709 | D:8      | Noticed hamfred's ghost (novice HuFE)
 10957 | D:8      | Found a radiant altar of Vehumet.
 10965 | D:8      | Became a worshipper of Vehumet
 11691 | D:9      | Reached skill level 5 in Conjurations
 11691 | D:9      | Reached skill level 5 in Hexes
 11691 | D:9      | Reached skill level 5 in Necromancy
 11691 | D:9      | Reached skill level 5 in Translocations
 11691 | D:9      | Reached skill level 5 in Transmutations
 11691 | D:9      | Reached skill level 5 in Fire Magic
 11691 | D:9      | Reached skill level 5 in Ice Magic
 11691 | D:9      | Reached skill level 5 in Air Magic
 11691 | D:9      | Reached skill level 5 in Earth Magic
 11691 | D:9      | Reached skill level 5 in Poison Magic
 11744 | D:9      | Reached XP level 11. HP: 35/83 MP: 21/21
 12159 | D:9      | Noticed a two-headed ogre
 12171 | D:9      | Killed a two-headed ogre
 12439 | D:9      | Found a staircase to the Lair.
 12445 | D:9      | Learned a level 4 spell: Olgreb's Toxic Radiance
 12609 | D:9      | Noticed Maurice
 13004 | D:9      | Killed Maurice
 13004 | D:9      | Reached * piety under Vehumet
 13004 | D:9      | Offered knowledge of Foxfire by Vehumet.
 13142 | D:2      | Bought the +2 pair of slick slippers {slick, slippery,
                  | EV+4} for 689 gold pieces
 13142 | D:2      | Found the +2 pair of slick slippers {slick, slippery, EV+4}
 13354 | Lair:1   | Entered Level 1 of the Lair of Beasts
 13355 | Lair:1   | Noticed Nergalle
 13401 | Lair:1   | Noticed a spectral orc warlord
 13408 | Lair:1   | HP: 3/74 [spectral orc warlord/+1 great sword[Nergalle]
                  | (19)]
 13409 | Lair:1   | Slain by a spectral orc warrior

Illustrated notes

Levels and vault maps discovered:
D:1:      dpeg_arrival_arbitrary_b, layout_basic
D:2:      layout_rooms, dilly_ecumenical_altar_fadedgnrine, serial_shops,
          nicolae_shop_peninsula, nicolae_shop_overgrown_old_shop, shop, shop,
          shop, kennysheep_generic_room_7, uniq_crazy_yiuf_cottage
D:3:      kennysheep_goblin_castle, layout_rooms, demons_altar, st_stairs_14,
          uniq_sigmund
D:4:      nicolae_cairo_tiling, layout_rooms,
          mainiacjoe_overflow_surrounded_room, grunt_gozag_statues,
          grunt_ashenzari_visionary [grunt_ashenzari_visionary_shoals,
          grunt_ashenzari_visionary_spider], tgw_trog, uniq_duvessa,
          uniq_eustachio, uniq_menkaure, uniq_robin, uniq_grinder
D:5:      minmay_thinvault, layout_basic, serial_shops,
          nicolae_shop_window_shopping
D:6:      cheibrodos_barr_body, layout_layer_cave, tso_oasis_becter,
          serial_bayou_lake_a
D:7:      layout_loops_ring, minmay_temple_entry_enclosed_plants
D:8:      layout_loops_corners, mainiacjoe_overflow_small_starburst,
          gammafunk_ghost_necromancy, serial_ice, serial_ice_g, serial_ice_d,
          serial_ice_b, serial_ice_o, serial_ice_f, serial_ice_k, minivault_19
D:9:      layout_gridville, lair_entry_dummy, uniq_maurice
Temple:   hellmonk_temple_of_storms
Lair:1:   layout_misc_corridors, uniq_nergalle

Skill      XL: |  1  2  3  4  5  6  7  8  9 10 11 |
---------------+----------------------------------+-----
Summonings     | 2 3 4 5 |  5.7
Invocations    | 1 2 3 4 5 6 7 |  7.0
Short Blades   | 1 2 3 5 6 |  6.4
Long Blades    | 1 2 3 5 6 |  6.4
Axes           | 1 2 3 5 6 |  6.4
Maces & Flails | 1 2 3 5 6 |  6.4
Polearms       | 1 2 3 5 6 |  6.4
Staves         | 1 2 3 5 6 |  6.4
Ranged Weapons | 1 2 3 5 6 |  6.4
Armour         | 1 2 3 5 6 |  6.4
Dodging        | 1 2 3 5 6 |  6.4
Stealth        | 1 2 3 5 6 |  6.4
Shields        | 1 2 3 5 6 |  6.4
Unarmed Combat | 1 2 3 5 6 |  6.4
Spellcasting   | 3 4 5 6 7 |  7.0
Conjurations   | 1 2 3 4 5 |  5.3
Hexes          | 1 2 3 4 5 |  5.3
Necromancy     | 1 2 3 4 5 |  5.3
Translocations | 1 2 3 4 5 |  5.3
Transmutations | 1 2 3 4 5 |  5.3
Fire Magic     | 1 2 3 4 5 |  5.3
Ice Magic      | 1 2 3 4 5 |  5.3
Air Magic      | 1 2 3 4 5 |  5.3
Earth Magic    | 1 2 3 4 5 |  5.3
Poison Magic   | 1 2 3 4 5 |  5.3
Fighting       | 5 6 7 |  7.9
Throwing       | 7 8 9 |  9.2
Evocations     | 7 8 9 |  9.2

Action                     |  1- 3 |  4- 6 |  7- 9 | 10-12 || total
---------------------------+-------+-------+-------+-------++-------
  Melee: Dagger            |    81 |   159 |    66 |       ||   306
         Bite              |     5 |    18 |    57 |    40 ||   120
         Punch             |     2 |     2 |    10 |    15 ||    29
         Hand axe          |       |       |   357 |   297 ||   654
         Unarmed           |       |       |     2 |    13 ||    15
  Throw: Dart              |     1 |     2 |       |       ||     3
         Stone             |       |     4 |       |       ||     4
   Cast: Summon Small Mamm |    22 |    50 |     7 |       ||    79
         Stone Arrow       |       |       |     7 |    64 ||    71
  Evoke: Piece from Xom's  |       |     1 |     5 |     1 ||     7
    Use: Potion            |       |     1 |     4 |     6 ||    11
         Scroll            |       |       |       |     2 ||     2
   Stab: Paralysed         |       |     4 |     4 |       ||     8
         Sleeping          |       |     1 |    11 |     2 ||    14
         Distracted        |       |     1 |       |       ||     1
         Petrified         |       |       |    10 |       ||    10
 Armour: Robe              |    14 |    83 |   123 |     7 ||   227
         Steam dragon scal |       |       |       |   113 ||   113
  Dodge: Dodged            |    51 |   193 |   281 |   289 ||   814
  Block: Other             |       |       |       |    13 ||    13
